 Dungeon Crawl Stone Soup version 0.27-a0-1245-g940ed4fa31 (webtiles) character file.

Game seed: 11936723268384811623

156 deletemesenpai the Chopper (level 5, 0/46 HPs)
             Began as a Hill Orc Fighter on June 9, 2021.
             Succumbed to a killer bee's poison
             ... on level 4 of the Dungeon.
             The game lasted 00:10:16 (3445 turns).

deletemesenpai the Chopper (Hill Orc Fighter)       Turns: 3445, Time: 00:10:16

Health: 0/46       AC:  5    Str: 19    XL:     5   Next: 37%
Magic:  5/5        EV:  8    Int:  8    God:
Gold:   127        SH:  9    Dex: 11    Spells: 4/4 levels left

rFire    . . .     SeeInvis .   a - +0 war axe
rCold    . . .     Faith    .   c - +0 kite shield
rNeg     + . .     Spirit   .   f - +0 ring mail
rPois    .         Reflect  .   (no helmet)
rElec    .         Harm     .   (no cloak)
rCorr    .         Rampage  .   (no gloves)
Will     .....                  (no boots)
Stlth    +.........             q - amulet of regeneration
HPRegen  1.15/turn              i - ring of positive energy
MPRegen  0.09/turn              (no ring)

@: lethally poisoned (0 -> -8)
A: no striking features
a: no special abilities


You were on level 4 of the Dungeon.
You visited 1 branch of the dungeon, and saw 4 of its levels.

You collected 127 gold pieces.

Inventory:

Hand Weapons
 a - a +0 war axe (weapon)
 t - a +0 hunting sling
Missiles
 m - a throwing net
 n - 23 poisoned darts (quivered)
 p - 7 javelins
Armour
 b - a +0 scale mail
 c - a +0 kite shield (worn)
 f - a +0 ring mail (worn)
Magical Staves
 e - a staff of conjuration
 k - a staff of cold
 u - a staff of fire
Jewellery
 i - a ring of positive energy (left hand)
 q - an amulet of regeneration (around neck)
Scrolls
 h - 5 scrolls of identify {unknown}
 j - a scroll of noise {unknown}
 o - a scroll of vulnerability {unknown}
 v - a scroll of blinking {unknown}
 y - a scroll of teleportation {unknown}
 B - a scroll of enchant armour {unknown}
 C - a scroll of torment {unknown}
Potions
 d - 2 potions of might
 g - 3 potions of cancellation {unknown}
 l - a potion of degeneration {unknown}
 s - 2 potions of curing {unknown}
 w - 2 potions of berserk rage {unknown}
 x - a potion of mutation {unknown}
 z - 2 potions of haste {unknown}
 A - a potion of heal wounds {unknown}


   Skills:
 + Level 4.1 Fighting
 * Level 5.5 Axes
 + Level 4.0 Armour
 - Level 0.1 Dodging
 + Level 4.0 Shields


You had 4 spell levels left.
You didn't know any spells.
Your spell library contained the following spells:

 Spells                   Type           Power      Damage    Failure   Level
 Confusing Touch          Hex            0%         N/A       100%        3
 Gell's Gravitas          Tloc           0%         N/A       100%        3
 Petrify                  Tmut/Erth      0%         N/A       100%        4
 Metabolic Englaciation   Hex/Ice        0%         N/A       100%        5
 Yara's Violent Unravell  Hex/Tmut       0%         3d3       100%        5


Dungeon Overview and Level Annotations

Branches:
Dungeon (4/15)
 Temple: D:4-7

Altars:
Nemelex Xobeh

Shops:
D:3 *


Message History

You block the killer bee's attack. The hound bites you but does no damage.
The hound closely misses you.
The killer bee buzzes angrily.
You hit the hound.
The hound is heavily wounded.
Your shield prevents you from hitting the killer bee.
You hear an angry hiss.
You block the hound's attack. The killer bee stings you.
You are poisoned.
The killer bee poisons you! The killer bee stings you.
You are more poisoned.
The killer bee poisons you! The hound closely misses you.
The killer bee barely misses you.
You slash the killer bee!
The killer bee is heavily wounded.
You hit the hound. You barely miss the killer bee.
You feel very sick. You block the killer bee's attack.
The killer bee stings you. The hound bites you but does no damage.
The killer bee stings you. The killer bee stings you!
You block the killer bee's attack. The hound closely misses you.
The killer bee stings you but does no damage.
You miss the killer bee.
The killer bee is heavily wounded.
You barely miss the hound. You closely miss the killer bee. x2
You feel very sick. The killer bee barely misses you.
The killer bee stings you.
* * * LOW HITPOINT WARNING * * *
The killer bee stings you.
* * * LOW HITPOINT WARNING * * *
You are more poisoned.
The killer bee poisons you! You block the hound's attack.
The killer bee stings you!
* * * LOW HITPOINT WARNING * * *
The killer bee closely misses you. The killer bee barely misses you.
The hound bites you but does no damage. You block the killer bee's attack. x2
The killer bee stings you.
* * * LOW HITPOINT WARNING * * *
A ball python comes into view.
You die...

.... ### .... ...
.###. .# #.. ##.#
.....
...##.###..##....
.y......>.......#
........yy.#..#
.......Bh#....#
#[...Jy.y...#
#....#.##y@.###
..# #. #..##
....().#
.........#
............
......>..#...#
..........#....
.S..........#.


You could see a hound, a jelly, 5 killer bees, a giant cockroach and a ball
python (wandering).

Vanquished Creatures
  An iguana (D:3)
  5 adders
  A dart slug (D:2)
  2 worms (D:2)
  5 orcs (D:3)
  5 ball pythons
  6 endoplasms
  2 giant cockroaches
  10 goblins
  4 hobgoblins
  7 jackals
  2 quokkas
  9 bats
  3 frilled lizards
  3 kobolds
  4 rats
69 creatures vanquished.

Notes
Turn   | Place    | Note
-------+----------+-------------------------------------------
     0 | D:1      | deletemesenpai the Hill Orc Fighter began the quest for the
                  | Orb.
     0 | D:1      | Reached XP level 1. HP: 19/19 MP: 1/1
   120 | D:1      | Reached skill level 3 in Axes
   120 | D:1      | Reached XP level 2. HP: 21/27 MP: 2/2
   344 | D:1      | Reached XP level 3. HP: 28/33 MP: 3/3
   696 | D:1      | Found a faded altar of an unknown god.
  1640 | D:2      | Reached skill level 4 in Axes
  1894 | D:2      | Reached XP level 4. HP: 40/40 MP: 4/4
  2390 | D:3      | Found Italoteu's Assorted Antiques.
  2702 | D:3      | Reached skill level 5 in Axes
  2702 | D:3      | Reached XP level 5. HP: 46/46 MP: 5/5
  3278 | D:3      | Found a sparkling altar of Nemelex Xobeh.
  3444 | D:4      | HP: 2/46 [killer bee (7)]
  3445 | D:4      | Succumbed to a killer bee's poison

Illustrated notes

Levels and vault maps discovered:
D:1:      dpeg_arrival_leaves_temple_mockup, layout_basic, serial_forest,
          infiniplex_forest_fountain, infiniplex_forest_lined_corner,
          infiniplex_forest_lined_4_way, infiniplex_forest_lined_3_way,
          infiniplex_forest_lined_room_2, infiniplex_forest_zigzag_1,
          infiniplex_forest_zigzag_1, infiniplex_forest_lined_room_2,
          chequers_ecumenical_altar_island, kennysheep_minor_cross,
          minmay_misc_feat_pillars
D:2:      layout_basic, kennysheep_generic_room_13
D:3:      minmay_inner_zag, layout_loops_corners, lemuel_round_altar,
          serial_shops, nicolae_shop_waterfront, supply_closet_lemuel
D:4:      layout_rooms, temple_hall

Skill      XL: |  1  2  3  4  5 |
---------------+----------------+-----
Axes           | 3 4 5 |  5.5
Fighting       | 4 |  4.1
Shields        | 4 |  4.0
Armour         | 4 |  4.0
Dodging        | |  0.1

Action                   |  1- 3 |  4- 6 || total
-------------------------+-------+-------++-------
Melee: War axe           |   111 |    93 ||   204
Throw: Dart              |     1 |     2 ||     3
Armor: Ring mail         |    61 |    39 ||   100
       Scale mail        |    10 |       ||    10
Dodge: Dodged            |    53 |    52 ||   105
Block: Kite shield       |    80 |    62 ||   142

Table legend: (Time is in decaauts)
 A = Elapsed time spent in this place.
 B = Non-inter-level travel time spent in this place.
 C = Inter-level travel time spent in this place.
 D = Time resting spent in this place.
 E = Time spent auto-exploring this place.
 F = Levels seen in this place.
 G = Mean time per level.
                   A        B        C        D        E       F      G
               +--------+--------+--------+--------+--------+-----+--------+
         Total |   3556 |   3487 |     69 |    455 |   2106 |   4 |  889.0 |
       Dungeon |   3556 |   3487 |     69 |    455 |   2106 |   4 |  889.0 |
               +--------+--------+--------+--------+--------+-----+--------+

Top non-repeatable levels by time:
     D:3: 1246 daAuts
     D:1: 1160 daAuts
     D:2: 1140 daAuts
     D:4: 10 daAuts
